 Dungeon Crawl Stone Soup version 0.30.1-9-gdf580d7c3d (webtiles) character file.

Game seed: 10488174114524390358

135231 Wiggles the Executioner (level 16, -9/154 (162) HPs)
             Began as a Minotaur Berserker on Oct 4, 2023.
             Was the Champion of Trog.
             Blown up by an orb spider (49 damage)
             ... with an orb of destruction
             ... on level 2 of the Spider Nest.
             The game lasted 00:46:37 (22173 turns).

Wiggles the Executioner (Minotaur Berserker)       Turns: 22173, Time: 00:46:37

HP:   -9/154 (162)  AC: 38    Str: 35    XL:     16   Next: 64%
MP:   15/15         EV: 11    Int:  4    God:    Trog [******]
Gold: 1671          SH:  0    Dex: 11    Spells: 15/15 levels left

rFire   + . .        Y - +8 battleaxe "Wuviunut" {flame, rC++ Will- Str+3 SInv}
rCold   + + +        (shield currently unavailable)
rNeg    . . .        B - +5 plate armour {rPois}
rPois   +            (helmet restricted)
rElec   +            Q - +2 cloak of the Known World {rF+ rC+ Stlth+}
rCorr   .            Z - +2 pair of gloves of Peek-a-Boo {Drain rElec Regen+ Str+3}
SInv    +            y - +2 pair of boots
Will    .....        P - amulet of regeneration Stlth
                     A - +4 ring of protection
HPRegen 2.05/turn    F - ring of poison resistance
MPRegen 0.14/turn

%: no passive effects
@: on berserk cooldown, lightly drained
A: horns 2, retaliatory headbutt
a: Renounce Religion, Berserk, Trog's Hand, Brothers in Arms


You were on level 2 of the Spider Nest.
You worshipped Trog.
Trog was exalted by your worship.
You visited 4 branches of the dungeon, and saw 24 of its levels.
You also visited: Gauntlet and Ice Cave.

You collected 2811 gold pieces.
You spent 1140 gold pieces at shops.

Inventory:

Hand Weapons
 H - the +7 battleaxe "Meymmeor" {flame, rF+ Str+4}
   (You found it on level 11 of the Dungeon)

   Str:       It affects your strength (+4).
   rF:        It protects you from fire.
 S - a +0 executioner's axe of flaming
 Y - the +8 battleaxe "Wuviunut" (weapon) {flame, rC++ Will- Str+3 SInv}
   (Trog gifted it to you on level 1 of the Orcish Mines)

   Str:       It affects your strength (+3).
   rC:        It greatly protects you from cold.
   SInv:      It lets you see invisible.
   Will:      It decreases your willpower.
Missiles
 q - 4 throwing nets (quivered)
Armour
 y - a +2 pair of boots (worn)
 B - a +5 plate armour of poison resistance (worn)
 L - the +1 pair of gloves of Patev {Str+2 Int+4}
   (You found it on level 3 of the Lair of Beasts)

   Str:       It affects your strength (+2).
   Int:       It affects your intelligence (+4).
 N - a +2 cloak of preservation
 Q - the +2 cloak of the Known World (worn) {rF+ rC+ Stlth+}
   (You found it in a Gauntlet)

   rF:        It protects you from fire.
   rC:        It protects you from cold.
   Stlth:     It makes you more stealthy.
 T - a +2 crystal plate armour of cold resistance
 Z - the +2 pair of gloves of Peek-a-Boo (worn) {Drain rElec Regen+ Str+3}
   (You bought it in a shop on level 2 of the Orcish Mines)

   Str:       It affects your strength (+3).
   rElec:     It insulates you from electricity.
   Regen:     It increases your rate of health regeneration.
   Drain:     It drains your maximum health when unequipped.
Jewellery
 d - a +5 ring of evasion
 w - the ring "Qiegg" {Fly rElec rPois rF- Str-2}
   (You found it on level 5 of the Lair of Beasts)

   [ring of poison resistance]

   Str:       It affects your strength (-2).
   rF:        It makes you vulnerable to fire.
   rElec:     It insulates you from electricity.
   rPois:     It protects you from poison.
   Fly:       It grants you flight.
 A - a +4 ring of protection (left hand)
 F - a ring of poison resistance (right hand)
 J - a ring of see invisible
 O - a +5 ring of evasion
 P - an amulet of regeneration (around neck)
 R - a +4 ring of protection
 X - a ring of protection from cold
Wands
 c - a wand of charming (19)
 j - a wand of mindburst (27)
 n - a wand of roots (18)
 p - a wand of digging (11)
 r - a wand of polymorph (2)
 z - a wand of flame (68)
 I - a wand of acid (24)
Scrolls
 a - 2 scrolls of fear
 f - 2 scrolls of blinking
 h - 13 scrolls of teleportation
 o - a scroll of fog
 s - 13 scrolls of identify
 t - 7 scrolls of magic mapping
 G - 3 scrolls of poison
 K - 2 scrolls of enchant weapon
Potions
 b - 6 potions of mutation
 e - 3 potions of lignification
 g - a potion of heal wounds
 i - 4 potions of cancellation
 k - 3 potions of might
 l - a potion of flight
 m - 9 potions of haste
 v - 2 potions of ambrosia
 x - 7 potions of curing
 V - 4 potions of berserk rage
 W - a potion of magic
Miscellaneous
 u - a phantom mirror
 C - a tin of tremorstones (2/2)
 D - a box of beasts
 E - a phial of floods
 M - a piece from Xom's chessboard (15/15)
 U - a lightning rod (4/4)


   Skills:
 + Level 19.6 Fighting
 + Level 23.2 Axes
 + Level 18.0 Armour
 + Level 6.0 Dodging
 + Level 2.7 Stealth
 + Level 1.3 Unarmed Combat
 + Level 1.0 Evocations


You had 15 spell levels left.
You didn't know any spells.
Your spell library was empty.

Dungeon Overview and Level Annotations

Branches:
Dungeon (15/15)            Temple (0/1) D:7            Lair (5/5) D:9
 Shoals (0/4) Lair:3       Spider (2/4) Lair:2        Slime (0/5) Lair:5
    Orc (2/2) D:9             Elf (0/3) Orc:2        Vaults (0/5) D:13
 Depths (0/4) D:15          IceCv (visited)         Gauntlet (visited)

Altars:
Ashenzari
Elyvilon
Kikubaaqudgha
Sif Muna
Wu Jian
Xom
Zin
Jiyva
Lugonu

Shops:
D:9 [   D:13 [   Orc:2 *?[(

Portals:
Abyss: Lair:5
Trove: D:10 (give 4 scrolls of fear)

Annotations:
D:5 2 transporters


Innate Abilities, Weirdness & Mutations

You have a pair of horns on your head.
You reflexively headbutt those who attack you in melee.


Message History

The pharaoh ant bites you but does no damage.
You completely miss the demonic crawler.
You slice the pharaoh ant!! You burn the pharaoh ant!
You destroy the pharaoh ant!
Trog accepts your kill.
The pharaoh ant binds the souls of nearby monsters.
You slice the demonic crawler!! You burn the demonic crawler.
The demonic crawler is heavily wounded.
The orb spider weaves a glowing orb of energy.
The demonic crawler hits you but does no damage.
The demonic crawler closely misses you. x2
An orb of destruction comes into view.
You barely miss the demonic crawler.
You headbutt the demonic crawler, but do no damage.
The demonic crawler is moderately wounded.
You slice the wolf spider!! You burn the wolf spider!
The demonic crawler hits you but does no damage.
The demonic crawler completely misses you.
The demonic crawler hits you but does no damage.
The wolf spider closely misses you. The wolf spider barely misses you.
You barely miss the demonic crawler.
The demonic crawler is moderately wounded.
You barely miss the wolf spider.
The wolf spider hits you but does no damage.
The wolf spider bites you but does no damage.
The demonic crawler hits you but does no damage.
The demonic crawler hits you!
* * * LOW HITPOINT WARNING * * *
The demonic crawler hits you but does no damage.
The orb spider begins to weave its threads into a brightly glowing ball.
You slash the demonic crawler! You burn the demonic crawler.
You headbutt the demonic crawler!
The demonic crawler is severely wounded.
You slice the wolf spider!! You burn the wolf spider.
You kill the wolf spider!
Trog accepts your kill.
A freezing mist starts to gather...
A wolf spider simulacrum comes into view.
The orb of destruction hits you!!!
You die...

..#^###.......###
#.#.#......#....^
#.#^##>..........
^#######.#.##...........
..............(.....^...
....s...................
.....°°w†...............
......○..............#^.
.....Zs@..#.......^###..
.......)....^^....## #..
........#..#.##...# #..
........#...##^...# #...
........#....#....# #...
.............^.#..# #...
..................# ##..
.....^......$... #.. ##.


You could see a steelbarb worm (soul bound), a demonic crawler, an orb spider
(soul bound, charged) and a wolf spider simulacrum.

Vanquished Creatures
  Saint Roka (Orc:2)
  Frances (Spider:2)
  Asterion (Spider:2)
  Gastronok (Lair:3)
  Agnes (D:14)
  Kirke (Spider:1)
  A dire elephant (D:15)
  A minotaur (Gauntlet)
  2 blizzard demons (IceCv)
  Snorg (Lair:4)
  Josephine (Orc:1)
  5 hydras
  A caustic shrike simulacrum (IceCv)
  An ogre mage (D:13)
  Harold (Orc:1)
  A rakshasa (D:13)
  5 vault guards
  Erica (D:8)
  A boulder beetle (D:14)
  4 centaur warriors
  3 catoblepae
  4 two-headed ogres
  A death scarab (Gauntlet)
  A tengu warrior (D:14)
  10 death yaks
  An orc high priest (Orc:2)
  2 thrashing horrors (Lair:5)
  Urug (Lair:1)
  A wretched star (Gauntlet)
  2 skysharks
  A fire crab (Gauntlet)
  4 pharaoh ants
  2 orb spiders
  9 spriggan simulacra (IceCv)
  A spectral hydra (Gauntlet)
  A bog body (IceCv)
  An obsidian statue (IceCv)
  A wizard (D:13)
  2 deep elf pyromancers
  20 ugly things
  5 orc sorcerers (Orc:2)
  7 wolf spiders
  3 orc knights
  A manticore (Lair:3)
  6 cyclopes
  A salamander (D:15)
  A moth of wrath (Spider:2)
  Maurice (Orc:1)
  12 elephants
  4 black mambas
  A black mamba (shapeshifter) (D:15)
  2 torpor snails
  An ice statue (D:15)
  A demonic crawler (Spider:1)
  3 smoke demons (Lair:5)
  Maggie (D:7)
  2 gargoyles
  10 cane toads
  An unseen horror (D:11)
  2 kobold demonologists
  2 rime drakes
  An unseen horror (shapeshifter) (Lair:5)
  2 freezing wraiths (IceCv)
  4 anaconda simulacra (IceCv)
  10 komodo dragons
  2 efreet
  An ancient zyme (Lair:5)
  9 ice devils (IceCv)
  2 golden dragon simulacra (IceCv)
  A tengu conjurer (D:14)
  2 trolls
  3 meliai (D:13)
  A wind drake (Lair:3)
  A wind drake (shapeshifter) (D:14)
  4 polar bears
  7 hornets
  3 tarantellas
  13 blink frogs
  5 culicivoras
  A jumping spider (shapeshifter) (Lair:5)
  22 slime creatures
  12 spriggans (Lair:4)
  13 jumping spiders
  A shadow (D:8)
  46 yaks
  A dire elephant simulacrum (IceCv)
  6 wraiths
  A human (D:13)
  A vampire (D:13)
  5 wyverns
  15 basilisks
  3 fire bats (Gauntlet)
  A large abomination (Lair:5)
  4 steam dragons
  Grum (D:8)
  9 minotaur simulacra (IceCv)
  12 vampire mosquitoes
  16 redbacks
  Menkaure (D:5)
  2 harpy simulacra (IceCv)
  4 wargs (Orc:1)
  A swamp worm (shapeshifter) (Lair:5)
  13 water moccasins
  2 hydra simulacra (IceCv)
  An ettin simulacrum (IceCv)
  An ice beast (D:4)
  28 orc warriors
  2 sky beasts
  10 small abominations (Lair:5)
  4 black bears
  11 ogres
  A black bear (shapeshifter) (D:13)
  7 wolves
  3 boggarts (Lair:4)
  8 centaurs
  A phantom (D:4)
  4 kobold brigands
  10 bullfrogs
  5 deep troll simulacra (IceCv)
  2 gnoll sergeants
  2 scorpions
  A lindwurm simulacrum (IceCv)
  12 killer bees
  3 howler monkeys
  2 electric eels (Lair:3)
  4 hounds
  9 orc priests
  2 jellies
  A gnoll bouda (D:7)
  25 orc wizards
  A sleepcap (D:8)
  5 iguanas
  12 hell rats
  11 adders
  13 gnolls
  4 worms
  2 dart slugs
  84 orcs
  5 ball pythons
  6 bats
  8 endoplasms
  6 giant cockroaches
  7 goblins
  6 hobgoblins
  2 jackals (D:1)
  4 quokkas
  2 frilled lizards (D:2)
  25 kobolds
  3 rats
  3 spectral weapons
799 creatures vanquished.

Vanquished Creatures (collateral kills)
  A hydra (Lair:5)
  A thrashing horror (Lair:5)
  An orc knight (Orc:2)
  A manticore (D:11)
  A smoke demon (Lair:5)
  3 large abominations (Lair:5)
  4 blink frogs (Lair:3)
  A spriggan (Lair:5)
  A warg (Orc:2)
  3 orc warriors (Orc:2)
  An ogre (Orc:2)
  A kobold brigand (D:11)
  An electric eel (Lair:3)
  3 orc priests (Orc:2)
  8 orcs (Orc:2)
  4 kobolds (D:11)
35 creatures vanquished.

Vanquished Creatures (others)
  An orc wizard (Orc:2)
  An orc (Orc:2)
2 creatures vanquished.

Grand Total: 836 creatures vanquished

Notes
Turn   | Place    | Note
-------+----------+-------------------------------------------
     0 | D:1      | Wiggles the Minotaur Berserker began the quest for the Orb.
     0 | D:1      | Reached XP level 1. HP: 19/19 MP: 0/0
   144 | D:1      | Reached XP level 2. HP: 23/27 MP: 1/1
   218 | D:1      | Reached skill level 4 in Axes
   287 | D:1      | Found a faded altar of an unknown god.
   780 | D:2      | Reached XP level 3. HP: 28/33 MP: 2/2
   794 | D:2      | Reached ** piety under Trog
  1104 | D:2      | Reached XP level 4. HP: 40/41 MP: 3/3
  2022 | D:4      | Noticed an ice beast
  2029 | D:4      | Killed an ice beast
  2030 | D:4      | Reached skill level 5 in Fighting
  2030 | D:4      | Reached skill level 5 in Axes
  2030 | D:4      | Reached XP level 5. HP: 48/48 MP: 4/4
  2085 | D:4      | Reached skill level 1 in Stealth
  2101 | D:4      | Reached XP level 6. HP: 45/56 MP: 5/5
  2154 | D:4      | Reached skill level 6 in Axes
  2772 | D:5      | Entered Level 5 of the Dungeon
  2885 | D:5      | Reached XP level 7. HP: 61/61 MP: 6/6
  2887 | D:5      | Reached skill level 7 in Axes
  2887 | D:5      | Reached skill level 5 in Armour
  2889 | D:5      | Identified the +2 leather armour "Nutt" {Dex+2}
  3081 | D:5      | Noticed Menkaure
  3087 | D:5      | Killed Menkaure
  3255 | D:5      | Reached skill level 8 in Axes
  3255 | D:5      | Reached XP level 8. HP: 68/70 MP: 7/7
  3255 | D:5      | Noticed a troll
  3255 | D:5      | Noticed a hornet
  3265 | D:5      | Found a transporter.
  3269 | D:5      | Found an ancient bone altar of Kikubaaqudgha.
  3269 | D:5      | Found a shimmering blue altar of Sif Muna.
  3272 | D:5      | Found an ornate altar of the Wu Jian Council.
  3289 | D:5      | Found a transporter.
  3472 | D:6      | Reached *** piety under Trog
  3802 | D:6      | Reached skill level 9 in Axes
  4065 | D:6      | Found a broken altar of Ashenzari.
  4217 | D:7      | Noticed Maggie
  4233 | D:7      | Killed Maggie
  4234 | D:7      | Reached XP level 9. HP: 79/79 MP: 8/8
  4353 | D:7      | Found a white marble altar of Elyvilon.
  4562 | D:7      | Reached skill level 10 in Axes
  4717 | D:7      | Found a staircase to the Ecumenical Temple.
  4761 | D:7      | Reached skill level 11 in Axes
  4761 | D:7      | Reached skill level 5 in Dodging
  5379 | D:8      | Paralysed by a hornet for 2 turns
  5385 | D:8      | Reached XP level 10. HP: 64/88 MP: 9/9
  5528 | D:8      | Reached **** piety under Trog
  5610 | D:8      | Noticed Grum
  5619 | D:8      | Killed Grum
  5624 | D:8      | Reached skill level 10 in Armour
  5699 | D:8      | Reached skill level 12 in Axes
  5777 | D:8      | Noticed Erica
  5786 | D:8      | Killed Erica
  6372 | D:9      | Found a staircase to the Lair.
  6378 | D:9      | Reached skill level 13 in Axes
  6422 | D:9      | Reached skill level 10 in Fighting
  6601 | D:9      | Found a staircase to the Orcish Mines.
  6662 | D:9      | Reached XP level 11. HP: 99/99 MP: 10/10
  6666 | D:9      | Reached skill level 14 in Axes
  7049 | D:9      | Found Bime Kiapp's Armour Shoppe.
  7059 | D:9      | Reached ***** piety under Trog
  7225 | D:9      | Found a shimmering altar of Xom.
  7359 | D:10     | Entered Level 10 of the Dungeon
  7753 | D:10     | Noticed a six-headed hydra
  7765 | D:10     | Killed a nine-headed hydra
  7922 | D:10     | Noticed a vault guard
  7931 | D:10     | Killed a vault guard
  7959 | D:10     | Found a portal to a secret trove of treasure.
  8146 | D:11     | Reached skill level 15 in Axes
  8203 | D:11     | Noticed a two-headed ogre
  8207 | D:11     | Killed a two-headed ogre
  8212 | D:11     | Noticed a two-headed ogre
  8220 | D:11     | Noticed a sun demon
  8230 | D:11     | Killed a two-headed ogre
  8242 | D:11     | Identified the +7 battleaxe "Meymmeor" {flame, rF+ Str+4}
  8750 | D:12     | Noticed a green ugly thing
  8751 | D:12     | Noticed a purple ugly thing
  8767 | D:12     | Killed a purple ugly thing
  8769 | D:12     | Killed a purple ugly thing
  9110 | D:12     | Reached XP level 12. HP: 110/110 MP: 11/11
  9201 | D:12     | Noticed a two-headed ogre
  9206 | D:12     | Killed a two-headed ogre
  9362 | D:12     | Reached skill level 16 in Axes
  9649 | Lair:1   | Entered Level 1 of the Lair of Beasts
  9848 | Lair:1   | Reached skill level 17 in Axes
  9949 | Lair:1   | Noticed Urug
  9955 | Lair:1   | Killed Urug
 11249 | Lair:2   | Noticed a death yak
 11249 | Lair:2   | Noticed a death yak
 11254 | Lair:2   | Reached XP level 13. HP: 122/122 MP: 12/12
 11256 | Lair:2   | Reached skill level 18 in Axes
 11478 | Lair:2   | Found a hole to the Spider Nest.
 11636 | Lair:3   | Identified the +1 pair of gloves of Patev {Str+2 Int+4}
 11819 | Lair:3   | Found a gate leading to a gauntlet.
 12025 | Gauntlet | Entered a Gauntlet
 12025 | Gauntlet | Found a transporter.
 12025 | Gauntlet | Found a transporter.
 12034 | Gauntlet | Found a transporter.
 12037 | Gauntlet | Found a transporter.
 12046 | Gauntlet | Found a transporter.
 12049 | Gauntlet | Found a transporter.
 12057 | Gauntlet | Found a transporter.
 12070 | Gauntlet | Found a runed translucent door.
 12074 | Gauntlet | Noticed a quicksilver ooze
 12075 | Gauntlet | Found a transporter.
 12088 | Gauntlet | Found a transporter.
 12092 | Gauntlet | Found a transporter.
 12101 | Gauntlet | Found a transporter.
 12128 | Gauntlet | Found a transporter.
 12210 | Gauntlet | Received a gift from Trog
 12270 | Gauntlet | Reached skill level 1 in Evocations
 12280 | Gauntlet | Identified the +2 cloak of the Known World {rF+ rC+ Stlth+}
 12383 | Gauntlet | Noticed a minotaur
 12395 | Gauntlet | Killed a minotaur
 12396 | Gauntlet | Reached skill level 19 in Axes
 12631 | Lair:3   | Noticed Gastronok
 12633 | Lair:3   | Found a staircase to the Shoals.
 12646 | Lair:3   | Killed Gastronok
 13370 | Lair:4   | Noticed Snorg
 13386 | Lair:4   | Killed Snorg
 13577 | Lair:4   | Reached XP level 14. HP: 133/133 MP: 13/13
 13901 | Lair:4   | Reached skill level 20 in Axes
 14302 | Lair:5   | Entered Level 5 of the Lair of Beasts
 14350 | Lair:5   | Found a viscous altar of Jiyva.
 14354 | Lair:5   | Found a staircase to the Slime Pits.
 14555 | Lair:5   | Reached skill level 15 in Fighting
 14648 | Lair:5   | Reached skill level 15 in Armour
 14797 | Lair:5   | Received a gift from Trog
 15247 | Lair:5   | Reached skill level 21 in Axes
 15311 | Lair:5   | Found a corrupted altar of Lugonu.
 15311 | Lair:5   | Found a one-way gate to the infinite horrors of the Abyss.
 15476 | Lair:5   | Identified the ring "Qiegg" {Fly rElec rPois rF- Str-2}
 15709 | Lair:5   | Identified the +0 barding "Tunupuq" {Regen+ Str+3}
 15973 | D:13     | Found Daephank's Armour Shop.
 16012 | D:13     | Bought a +4 plate armour of poison resistance for 846 gold
                  | pieces
 16267 | D:13     | Identified the +5 short sword of Meming {flame, rPois}
                  | (Trog gifted it to you on level 13 of the Dungeon)
 16267 | D:13     | Received a gift from Trog
 16482 | D:13     | Reached XP level 15. HP: 140/145 MP: 14/14
 16571 | D:13     | Found a gate to the Vaults.
 17522 | D:14     | Noticed Agnes
 17527 | D:14     | Killed Agnes
 17636 | D:15     | Entered Level 15 of the Dungeon
 17747 | D:15     | Reached skill level 22 in Axes
 17932 | D:15     | Identified the +1 scale mail of Somewhere Else {rElec
                  | Will+++ rCorr Str-5}
 18043 | D:15     | Found a frozen archway.
 18055 | IceCv    | Entered an ice cave
 18201 | IceCv    | Reached ****** piety under Trog
 18479 | IceCv    | Received a gift from Trog
 18672 | IceCv    | Identified the +5 dagger "Izuppigu" {flame, Int+3}
 18678 | IceCv    | Identified the staff of conjuration "Hidampiw" {rPois}
 19012 | D:15     | Reached XP level 16. HP: 154/158 MP: 15/15
 19041 | D:15     | Found a staircase to the Depths.
 19314 | D:15     | Found a glowing silver altar of Zin.
 19499 | Orc:1    | Entered Level 1 of the Orcish Mines
 19499 | Orc:1    | Noticed Josephine
 19505 | Orc:1    | Killed Josephine
 19600 | Orc:2    | Entered Level 2 of the Orcish Mines
 19631 | Orc:2    | Found a staircase to the Elven Halls.
 19645 | Orc:1    | Noticed Harold
 19672 | Orc:1    | Killed Harold
 19676 | Orc:1    | Identified the +8 battleaxe "Wuviunut" {flame, rC++ Will-
                  | Str+3 SInv} (Trog gifted it to you on level 1 of the Orcish
                  | Mines)
 19676 | Orc:1    | Received a gift from Trog
 19865 | Orc:1    | Noticed Maurice
 19872 | Orc:1    | Killed Maurice
 19978 | Orc:2    | Paralysed by an orc sorcerer for 3 turns
 20300 | Orc:2    | Paralysed by an orc sorcerer for 4 turns
 20360 | Orc:2    | Found Qithoagh's Magic Scroll Shop.
 20613 | Orc:2    | Identified the +1 hand axe "Qaymong" {heavy, rCorr Dex+5
                  | SInv} (Trog gifted it to you on level 2 of the Orcish
                  | Mines)
 20613 | Orc:2    | Received a gift from Trog
 20622 | Orc:2    | Noticed Saint Roka
 20627 | Orc:2    | Found Meil Leoru's Antique Weapon Emporium.
 20651 | Orc:2    | Killed Saint Roka
 20694 | Orc:2    | Found Gucyhoth's Antique Armour Shoppe.
 20707 | Orc:2    | Bought a pair of bloodstained gloves for 294 gold pieces
 20707 | Orc:2    | Identified the +2 pair of gloves of Peek-a-Boo {Drain rElec
                  | Regen+ Str+3} (You bought it in a shop on level 2 of the
                  | Orcish Mines)
 20819 | Orc:2    | Found Jiugysk's General Store.
 21138 | Spider:1 | Entered Level 1 of the Spider Nest
 21301 | Spider:1 | Reached skill level 23 in Axes
 21496 | Spider:1 | Noticed Kirke
 21518 | Spider:1 | Killed Kirke
 21518 | Spider:1 | Identified the +6 broad axe of Gaerreg {flame, rElec rF+
                  | SInv} (Trog gifted it to you on level 1 of the Spider Nest)
 21518 | Spider:1 | Received a gift from Trog
 21765 | Spider:1 | Reached skill level 1 in Unarmed Combat
 22149 | Spider:2 | Noticed Asterion
 22153 | Spider:2 | Noticed Frances
 22158 | Spider:2 | Killed Asterion
 22164 | Spider:2 | Killed Frances
 22173 | Spider:2 | Blown up by an orb spider

Illustrated notes

Levels and vault maps discovered:
D:1:      dpeg_arrival_tiny_f, layout_basic, shapermc_ecumenical_altar_acropolis
D:2:      layout_basic
D:3:      layout_loops_ring, nicolae_kite_square_tiling_tiny
D:4:      layout_basic, minmay_between
D:5:      layout_basic, gammafunk_temple_overflow_arena, uniq_menkaure
D:6:      cheibrodos_steamvent, layout_basic, overflow_temple_1_default,
          kennysheep_cluttered_room
D:7:      layout_basic, mainiacjoe_overflow_alcove_1, minmay_temple_entry_waves,
          grunt_decor_mini_mirrors, uniq_maggie
D:8:      layout_loops_cross, minmay_misc_feat_columns,
          nicolae_underground_beach, uniq_grum, uniq_erica
D:9:      layout_grid_maze, tgw_xom, david_lair_generic, orc_0_dummy,
          serial_shops, shop
D:10:     layout_basic, enter_trove_5
D:11:     layout_small_grid, kennysheep_generic_room_7
D:12:     layout_basic
D:13:     layout_cave_pools, grunt_vaults_entry_fortified, serial_shops, shop,
          chequers_arboretum, hangedman_decor_lopped
D:14:     layout_irregular_city, patterned_corridor, uniq_agnes
D:15:     hangedman_depths_entry_try_elsewhere_first, layout_loops_ring,
          chequers_serial_rivers_micro_a, portal_ice_cave_entry_ice_statue_one,
          zin_angel
Lair:1:   layout_hall_layers, grunt_megastairs_4, uniq_urug
Lair:2:   layout_small_grid, spider_nest_entry_rubble
Lair:3:   layout_roguey, minmay_shoals_entry_beasts, gauntlet_entry_generic,
          disabler_island, uniq_gastronok
Lair:4:   kb_forest_paths, layout_regular_city, nicolae_quartered_pool_medium,
          minivault_23, grunt_forest_large_clearing_hut, uniq_snorg
Lair:5:   hellmonk_lair_end_abyssal_woods, layout_cave_pods, slime_entry_1,
          grunt_megastairs_3
Spider:1: layout_cave_pods, uniq_kirke
Spider:2: layout_spider_delve, hellmonk_narrow_tunnel, uniq_asterion,
          uniq_frances
Orc:1:    layout_caves, uniq_josephine, uniq_maurice, uniq_harold
Orc:2:    grunt_orc_community_town_hall, layout_caves,
          grunt_orc_community_big_house_2, grunt_orc_community_big_house_2,
          grunt_orc_community_house_1, grunt_orc_community_house_3,
          grunt_orc_community_house_3, grunt_orc_community_house_2,
          grunt_orc_community_house_2

Skill      XL: |  1  2  3  4  5  6  7  8  9 10 11 12 13 14 15 16 |
---------------+-------------------------------------------------+-----
Fighting       | 4 5 6 7 8 10 11 13 14 16 18 19 | 19.6
Axes           | 4 5 6 8 9 11 13 15 17 19 21 22 23 | 23.2
Armour         | 3 4 6 8 9 10 12 13 14 16 17 18 | 18.0
Dodging        | 3 4 5 6 |  6.0
Stealth        | 1 2 |  2.7
Evocations     | 1 |  1.0
Unarmed Combat | 1 |  1.3

Action                     |  1- 3 |  4- 6 |  7- 9 | 10-12 | 13-15 | 16-18 || total
---------------------------+-------+-------+-------+-------+-------+-------++-------
  Melee: Hand axe          |    74 |   130 |   143 |       |       |       ||   347
         Headbutt          |    14 |    16 |    30 |    73 |   124 |    56 ||   313
         Punch             |     1 |     1 |     2 |       |       |       ||     4
         Battleaxe         |       |       |    63 |   341 |   676 |   268 ||  1348
         Unarmed           |       |       |       |       |       |    19 ||    19
 Invoke: Berserk           |       |     3 |     5 |     7 |     8 |     2 ||    25
         Brothers in Arms  |       |       |       |     1 |     3 |     2 ||     6
  Evoke: Wand              |       |       |       |       |     7 |     1 ||     8
    Use: Scroll            |       |       |    20 |     6 |     5 |     1 ||    32
         Potion            |       |       |       |       |       |    10 ||    10
   Stab: Sleeping          |     1 |       |       |       |       |       ||     1
 Armour: Animal skin       |     8 |       |       |       |       |       ||     8
         Chain mail        |    15 |    71 |    89 |       |       |       ||   175
         Plate armour      |       |       |    31 |   234 |   539 |   134 ||   938
         Crystal plate arm |       |       |       |       |     2 |   137 ||   139
         Skin              |       |       |       |       |       |     4 ||     4
  Dodge: Dodged            |    49 |    62 |   132 |   234 |   371 |   257 ||  1105
